 Dungeon Crawl Stone Soup version 0.31-a0-145-g046c7d2549 (webtiles) character file.

Game seed: 12088212672142878022

2304 Dittersdorf the Covered (level 9, -1/57 HPs)
             Began as a Gargoyle Fighter on June 5, 2023.
             Was a Follower of Okawaru.
             Slain by an orc warrior
             ... wielding a +1 trident of distortion
              (16 damage)
             ... on level 7 of the Dungeon.
             The game lasted 00:09:07 (6287 turns).

Dittersdorf the Covered (Gargoyle Fighter)          Turns: 6287, Time: 00:09:08

Health: -1/57      AC: 27    Str: 25    XL:     9   Next: 40%
Magic:  0/9        EV:  8    Int:  8    God:    Okawaru [*.....]
Gold:   388        SH:  5    Dex:  9    Spells: 6/8 levels left

rFire   . . .        s - +1 flail (protect)
rCold   . . .        c - +0 buckler
rNeg    + . .        r - +0 chain mail
rPois   ∞            (no helmet)
rElec   +            w - +1 cloak
rCorr   .            (no gloves)
SInv    .            h - +0 pair of boots
Will    .....        x - amulet of guardian spirit Stlth
                     (no ring)
HPRegen 0.29/turn    (no ring)
MPRegen 0.11/turn

%: guardian spirit
@: under a protective aura
A: sickness immunity, AC +6, negative energy resistance 1, electricity
resistance, torment resistance 1, petrification resistance
a: Renounce Religion, Heroism


You were on level 7 of the Dungeon.
You worshipped Okawaru.
Okawaru was aware of your devotion.
You visited 2 branches of the dungeon, and saw 8 of its levels.
You also visited: Sewer.

You collected 388 gold pieces.

Inventory:

Hand Weapons
 s - a +1 flail of protection (weapon)
Missiles
 v - a throwing net (quivered)
Armour
 c - a +0 buckler (worn)
 h - a +0 pair of boots (worn)
 r - a +0 chain mail (worn)
 w - a +1 cloak (worn)
Magical Staves
 o - a staff of earth
Jewellery
 x - an amulet of guardian spirit (around neck)
 y - a ring of fire
Wands
 b - a wand of flame (28)
 e - a wand of light (5)
 u - a wand of digging (2)
Scrolls
 g - 3 scrolls of poison
 k - a scroll of enchant weapon {unknown}
 m - 4 scrolls of teleportation
 t - a scroll of vulnerability {unknown}
 A - a scroll of brand weapon {unknown}
Potions
 a - a potion of berserk rage
 d - a potion of might
 f - a potion of haste {unknown}
 i - a potion of brilliance
 j - 2 potions of heal wounds
 l - 2 potions of curing
 n - 2 potions of invisibility
 p - a potion of magic
 q - a potion of cancellation {unknown}
 z - a potion of resistance {unknown}
 B - a potion of ambrosia {unknown}


   Skills:
 + Level 7.5 Fighting
 + Level 6.4 Maces & Flails
 + Level 7.5 Armour
 + Level 7.4 Shields


You had 6 spell levels left.
You knew the following spells:

 Your Spells              Type           Power      Damage    Failure   Level
a - Passwall              Tmut/Erth      0%         N/A       98%         2

Your spell library contained the following spells:

 Spells                   Type           Power      Damage    Failure   Level
 Magic Dart               Conj           0%         1d3       92%         1
 Slow                     Hex            0%         N/A       92%         1
 Ensorcelled Hibernation  Hex/Ice        0%         N/A       98%         2
 Lesser Beckoning         Tloc           0%         N/A       98%         2
 Confusing Touch          Hex            0%         N/A       100%        3
 Gell's Gravitas          Tloc           0%         N/A       100%        3
 Ignite Poison            Fire/Tmut/Pois 0%         N/A       100%        3
 Mephitic Cloud           Conj/Pois/Air  0%         N/A       100%        3
 Swiftness                Air            0%         N/A       100%        3
 Teleport Other           Tloc           0%         N/A       100%        3
 Vampiric Draining        Necr           0%         2d6       100%        3
 Vhi's Electric Charge    Tloc/Air       0%         N/A       100%        3
 Dispel Undead            Necr           0%         3d6       100%        4
 Manifold Assault         Tloc           0%         N/A       100%        4
 Sticky Flame             Conj/Fire      0%         2d3       100%        4
 Arcjolt                  Conj/Air       0%         1d10      100%        5
 Blade Hands              Tmut           0%         N/A       100%        5
 Dispersal                Tloc           0%         N/A       100%        6
 Disjunction              Tloc           0%         N/A       100%        8
 Ignition                 Fire           0%         3d3       100%        8
 Maxwell's Capacitive Co  Air            0%         ∞         100%        8
 Call Imp                 Summ           Unusable   N/A       N/A         2
 Cigotuvi's Dreadful Rot  Necr/Pois/Air  Unusable   N/A       N/A         2
 Animate Armour           Summ/Erth      Unusable   N/A       N/A         4
 Summon Lightning Spire   Summ/Air       Unusable   N/A       N/A         4
 Death Channel            Necr           Unusable   N/A       N/A         6

Dungeon Overview and Level Annotations

Branches:
Dungeon (7/15)             Temple (1/1) D:6           Sewer (visited)

Altars:
Dithmenos
Fedhas
Kikubaaqudgha
Makhleb
Okawaru
Ru
Sif Muna
Uskayaw
Vehumet
Wu Jian
Xom
Zin

Shops:
D:1 !   D:2 =


Innate Abilities, Weirdness & Mutations

You are immune to sickness and miasma.
Your stone body is resilient. (AC +6)
You are immune to poison.
You resist negative energy. (rN+)
You are resistant to electric shocks. (rElec)
You are resistant to unholy torment.
You are immune to petrification.


Message History

The orc warrior hits you but does no damage.
Space warps around you.
You thump the orc warrior!
Your weapon exudes an aura of protection.
The orc warrior is heavily wounded.
You block the orc warrior's attack.
You thump the orc warrior!
The orc warrior is severely wounded.
The orc warrior hits you with a +1 trident of distortion.
You blink.
The orc warrior hits you from afar with a +1 trident of distortion.
Space warps horribly around you! You block the orc warrior's attack.
You hit the orc warrior but do no damage.
The orc warrior is severely wounded.
You block the orc warrior's attack.
You thump the orc warrior!
The orc warrior is almost dead.
The orc warrior closely misses you.
You hit the orc warrior but do no damage.
The orc warrior is almost dead.
The orc warrior hits you with a +1 trident of distortion!
You blink.
The orc warrior unwields a +1 trident of distortion.
Its appearance distorts for a moment.
The orc warrior wields a +0 orcbow.
The orc warrior shoots an arrow.
You block the arrow.
The orc warrior unwields a +0 orcbow.
The orc warrior wields a +1 trident of distortion.
Its appearance distorts for a moment.
The orc warrior hits you with a +1 trident of distortion!
* * * LOW HITPOINT WARNING * * *
You blink.
Unknown command.
You block the orc warrior's attack.
You hit the orc warrior but do no damage.
Your weapon exudes an aura of protection.
The orc warrior is almost dead.
The orc warrior hits you but does no damage.
Space warps horribly around you!!
You die...

#.##.##.# #.#.# .# ##
#.##o##.# ###.#.. ... .
#.##.##.# #...####....###
#.##.##.####.#............
#....o..............#.....
#######.....#######.######
#.###.# #.# # #.###.# #.#
# #..@o.#######.#### #
####....<#.......# #
#.###.#.#.....### #.#
#.#.#.....##. #.#
#...........#
#.....#.#.....##.
##.#.##.#..##.### #.#.
#........>. .......#######


You could see an orc warrior.

Vanquished Creatures
  Sigmund (D:3)
  Edmund (D:5)
  Pargi (Sewer)
  2 ice beasts (D:6)
  3 black bears
  2 ogres
  3 centaurs
  2 kobold brigands (D:5)
  3 scorpions
  A crimson imp (D:6)
  3 sleepcaps
  An orc priest (D:3)
  3 hounds
  4 iguanas
  3 orc wizards
  2 hound skeletons (D:3)
  7 gnolls
  10 adders
  An ufetubus (D:5)
  An adder skeleton (D:3)
  2 adder zombies (D:3)
  6 worms
  3 dart slugs
  10 orcs
  5 ball pythons
  7 endoplasms
  5 giant cockroaches
  5 goblins
  12 hobgoblins
  6 jackals (D:4)
  5 quokkas
  A ball python zombie (D:3)
  8 bats
  4 frilled lizards
  10 kobolds
  A quokka skeleton (D:3)
  A quokka zombie (D:3)
  7 rats
152 creatures vanquished.

Notes
Turn   | Place    | Note
-------+----------+-------------------------------------------
     0 | D:1      | Dittersdorf the Gargoyle Fighter began the quest for the
                  | Orb.
     0 | D:1      | Reached XP level 1. HP: 14/14 MP: 1/1
   131 | D:1      | Reached XP level 2. HP: 18/19 MP: 2/2
   620 | D:1      | Found a transporter.
   620 | D:1      | Found Eqagg's Distillery.
   640 | D:1      | Found a transporter.
   867 | D:2      | You fall into a shaft and drop 1 floor!
   876 | D:3      | Reached XP level 3. HP: 24/24 MP: 3/3
  1048 | D:2      | Found Lieduder's Jewellery Shop.
  1062 | D:2      | Reached XP level 4. HP: 29/29 MP: 4/4
  1281 | D:2      | Found a faded altar of an unknown god.
  1728 | D:3      | Noticed Sigmund
  1759 | D:3      | Killed Sigmund
  1760 | D:3      | Reached XP level 5. HP: 18/34 MP: 5/5
  1760 | D:3      | Reached XP level 6. HP: 20/39 MP: 6/6
  2565 | D:4      | Reached skill level 5 in Fighting
  2565 | D:4      | Reached skill level 5 in Armour
  2565 | D:4      | Reached skill level 5 in Shields
  2565 | D:4      | Reached XP level 7. HP: 38/44 MP: 7/7
  2615 | D:4      | Found a glowing drain.
  2620 | Sewer    | Entered a sewer
  2668 | Sewer    | Noticed Pargi
  2684 | Sewer    | Killed Pargi
  3498 | D:5      | Entered Level 5 of the Dungeon
  3526 | D:5      | Noticed Edmund
  3549 | D:5      | Killed Edmund
  3550 | D:5      | Reached XP level 8. HP: 34/51 MP: 8/8
  3816 | D:5      | Reached skill level 5 in Maces & Flails
  4029 | D:5      | Found a shimmering altar of Xom.
  4974 | D:6      | Learned a level 2 spell: Passwall
  5079 | D:6      | Found a staircase to the Ecumenical Temple.
  5088 | Temple   | Entered the Ecumenical Temple
  5159 | Temple   | Became a worshipper of Warmaster Okawaru
  5190 | Temple   | Reached XP level 9. HP: 52/57 MP: 7/9
  5436 | D:6      | Found a sacrificial altar of Ru.
  5577 | D:6      | Found a burning altar of Makhleb.
  6062 | D:7      | Reached * piety under Okawaru
  6287 | D:7      | Slain by an orc warrior

Illustrated notes

Levels and vault maps discovered:
D:1:      dpeg_arrival_concentric_ovals, layout_basic, serial_shops,
          nicolae_shop_drivethru, minmay_splitting_lines
D:2:      layout_basic, ebering_ecumenical_altar_abandoned, serial_shops, shop
D:3:      layout_basic, serial_undead, serial_undead_e, serial_undead_d,
          serial_undead_c, serial_undead_a, minmay_misc_feat_alley, uniq_sigmund
D:4:      layout_loops_cross, portal_sewer_entry_e, minmay_ruptured
D:5:      cheibrodos_thug_alley, layout_basic, tgw_xom, uniq_edmund
D:6:      layout_loops_corners, nicolae_ru_awakened_eye, makhleb_grotto_becter,
          minmay_temple_entry_waves
D:7:      layout_loops_ring
Temple:   eino_temple_scatter_basement

Skill      XL: |  1  2  3  4  5  6  7  8  9 |
---------------+----------------------------+-----
Shields        | 4 5 6 7 |  7.4
Fighting       | 4 5 7 |  7.5
Armour         | 4 5 7 |  7.5
Maces & Flails | 3 4 6 |  6.4

Action                     |  1- 3 |  4- 6 |  7- 9 || total
---------------------------+-------+-------+-------++-------
  Melee: Flail             |    67 |   186 |   407 ||   660
    Use: Scroll            |       |     8 |     4 ||    12
 Armour: Scale mail        |    34 |    67 |       ||   101
         Chain mail        |       |    41 |   356 ||   397
  Dodge: Dodged            |    28 |   104 |   221 ||   353
  Block: Buckler           |     9 |    48 |   114 ||   171

Table legend: (Time is in decaauts)
 A = Elapsed time spent in this place.
 B = Non-inter-level travel time spent in this place.
 C = Inter-level travel time spent in this place.
 D = Time resting spent in this place.
 E = Time spent auto-exploring this place.
 F = Levels seen in this place.
 G = Mean time per level.
                   A        B        C        D        E       F      G
               +--------+--------+--------+--------+--------+-----+--------+
         Total |   6436 |   6036 |    400 |    574 |   3898 |   9 |  715.1 |
       Dungeon |   6167 |   5804 |    363 |    532 |   3814 |   7 |  881.0 |
        Temple |    127 |     90 |     37 |     16 |     42 |   1 |  127.0 |
         Sewer |    141 |    141 |      0 |     26 |     42 |   1 |  141.0 |
               +--------+--------+--------+--------+--------+-----+--------+

Top non-repeatable levels by time:
     D:5: 1441 daAuts
     D:6: 985 daAuts
     D:3: 946 daAuts
     D:4: 895 daAuts
     D:1: 881 daAuts
     D:2: 729 daAuts
     D:7: 287 daAuts
   Sewer: 141 daAuts
  Temple: 127 daAuts
